Map: Data-C

Players

Oberoth

  • Race: Protoss Protoss
  • Spawn Location: 3:00

ByuN - Winner!

  • Race: Terran Terran
  • Spawn Location: 9:00

Event: DreamHack SC2 Masters 2022 Atlanta (Offline)

VOD

Have the link to the VOD?

Description

Time

  • Played on: Nov. 18, 2022, 10:16 a.m.
  • Length: 10:42

All games in this series

Show
View Real Time Build Order
Export as new Build Order

Oberoth Protoss 

Build Orders: 1 Gate Expand, Blink Stalkers, Colossus Rush 

Get SALT Encoding   

  12  0:00  Probe  
  13  0:12  Probe  
  14  0:17  Pylon  
  14  0:24  Probe (Chrono Boost)  
  15  0:37  Probe (Chrono Boost)  
  15  0:38  Gateway  
  16  0:44  Probe (Chrono Boost)  
  16  0:47  Assimilator  
  17  0:52  Probe  
  19  1:04  Probe  
  19  1:16  Probe  
  20  1:24  Nexus  
  20  1:33  Cybernetics Core  
  20  1:37  Probe  
  21  1:45  Assimilator  
  21  1:49  Pylon  
  21  1:52  Probe  
  22  1:59  Pylon  
  22  2:04  Probe  
  23  2:10  Warp Gate  
  23  2:13  Adept (Chrono Boost)  
  25  2:16  Probe  
  26  2:28  Twilight Council, Probe  
  27  2:33  Stalker (Chrono Boost)  
  29  2:39  Probe  
  29  2:43  Probe  
  31  2:52  Robotics Facility  
  31  2:53  Probe  
  31  2:56  Probe  
  33  3:04  Stalker  
  35  3:05  Probe  
  35  3:08  Probe  
  37  3:15  Gateway  
  37  3:18  Probe  
  38  3:20  Probe  
  39  3:27  Gateway  
  39  3:34  Probe  
  39  3:37  Probe  
  39  3:38  Blink (Chrono Boost)  
  41  3:42  Pylon  
  41  3:44  Observer (Chrono Boost)  
  41  3:47  Probe  
  43  3:49  Assimilator  
  43  3:50  Probe  
  44  3:56  Assimilator  
  44  3:59  Probe  
  44  4:02  Observer (Chrono Boost)  
  46  4:03  Probe  
  46  4:05  Shield Battery  
  46  4:08  Pylon  
  47  4:10  Stalker  
  47  4:11  Probe  
  47  4:15  Probe  
  51  4:21  Stalker  
  51  4:23  Probe  
  54  4:28  Pylon  
  54  4:29  Pylon  
  51  4:43  Probe  
  51  4:44  Stalker x2  
  54  4:51  Probe  
  54  4:55  Robotics Bay  
  54  5:00  Probe  
  54  5:04  Probe  
  56  5:12  Probe  
  57  5:18  Probe  
  57  5:20  Nexus  
  58  5:24  Probe  
  58  5:26  Charge  
  59  5:30  Observer (Chrono Boost), Probe  
  59  5:33  Pylon  
  61  5:36  Probe  
  61  5:42  Probe  
  63  5:47  Colossus (Chrono Boost)  
  62  5:54  Probe  
  62  5:56  Probe  
  70  6:00  Shield Battery  
  70  6:03  Gateway  
  70  6:04  Gateway  
  70  6:06  Extended Thermal Lance  
  70  6:08  Probe  
  71  6:13  Probe  
  71  6:14  Pylon  
  72  6:20  Probe  
  72  6:25  Probe  
  74  6:28  Colossus (Chrono Boost)  
  80  6:32  Probe  
  80  6:37  Gateway  
  80  6:38  Gateway  
  80  6:39  Probe  
  82  6:41  Probe  
  83  6:48  Sentry, Gateway  
  83  6:49  Sentry  
  83  6:50  Sentry  
  83  6:51  Probe  
  83  6:53  Probe  
  92  7:01  Probe  
  92  7:03  Probe, Pylon  
  92  7:05  Zealot, Probe, Pylon  
  92  7:06  Zealot  
  98  7:11  Zealot  
  100  7:20  Pylon  
  100  7:21  Zealot x2  
  100  7:22  Pylon  
  103  7:29  Stalker  
  101  7:30  Zealot  
  101  7:33  Zealot x3  
  85  7:45  Zealot x3  
  80  7:58  Stalker x4  
  80  7:59  Stalker  
  88  8:08  Probe x2 (Chrono Boost)  
  88  8:09  Probe (Chrono Boost)  
  91  8:19  Templar Archives  
  91  8:20  Probe (Chrono Boost)  
  91  8:21  Probe x2 (Chrono Boost)  
  91  8:23  Zealot x2  
  98  8:29  Probe x3 (Chrono Boost)  
  98  8:32  Zealot x2  
  105  8:34  Probe  
  105  8:35  Probe x2  
  105  8:39  Zealot  
  110  8:42  Warp Prism (Chrono Boost)  
  110  8:47  Probe (Chrono Boost)  
  110  8:48  Probe x2 (Chrono Boost)  
  115  8:57  Probe (Chrono Boost)  
  115  8:58  Probe (Chrono Boost)  
  115  9:00  Probe (Chrono Boost), High Templar x4  
  115  9:01  Pylon  
  115  9:02  Pylon  
  125  9:05  Archon x2  
  125  9:09  Probe  
  92  9:18  Zealot x3  
  92  9:19  Zealot  
  81  9:24  Colossus, Probe  
  81  9:29  Probe  
  75  9:36  Probe x2 (Chrono Boost)  
  73  9:41  Probe (Chrono Boost)  
  73  9:47  Zealot x2  
  73  9:48  Probe (Chrono Boost)  
  73  9:51  Probe x2 (Chrono Boost)  
  80  9:53  Probe (Chrono Boost)  
  80  9:56  Probe (Chrono Boost)  
  80  9:58  Probe  
  83  10:02  Probe  
  84  10:13  Zealot x3  
  84  10:14  Zealot x3  
  91  10:35  Stalker x2  
Show
View Real Time Build Order
Export as new Build Order

ByuN Terran - Winner!

Build Orders:  

Get SALT Encoding   

  12  0:00  SCV  
  13  0:12  SCV  
  14  0:17  Supply Depot  
  14  0:24  SCV  
  15  0:38  SCV  
  15  0:40  Barracks  
  16  0:43  Refinery  
  16  0:51  SCV  
  16  0:54  Refinery  
  17  1:03  SCV  
  18  1:15  SCV  
  19  1:27  Reaper, Orbital Command  
  19  1:28  Supply Depot  
  20  1:41  Factory  
  20  1:53  SCV  
  21  1:59  Reaper  
  22  2:05  SCV  
  23  2:17  SCV  
  23  2:22  Command Center  
  24  2:27  Hellion  
  24  2:29  SCV  
  27  2:36  Barracks Reactor  
  27  2:41  Starport  
  27  2:42  SCV  
  28  2:49  Factory Tech Lab  
  28  2:52  Supply Depot  
  28  2:55  SCV  
  29  3:07  SCV  
  30  3:13  Cyclone, Marine  
  30  3:15  Marine  
  35  3:21  Medivac  
  35  3:24  SCV  
  38  3:35  Orbital Command  
  38  3:36  SCV  
  39  3:45  Marine x2  
  39  3:46  Siege Tank  
  44  3:48  SCV  
  44  3:53  Starport Tech Lab  
  45  4:01  SCV x2  
  47  4:02  Supply Depot  
  47  4:03  Marine x2  
  49  4:13  Supply Depot, SCV x2  
  51  4:18  Siege Tank  
  51  4:24  Marine x2  
  54  4:25  Supply Depot, SCV x2  
  58  4:33  Refinery  
  58  4:36  Bunker  
  58  4:42  SCV x2, Marine x2  
  58  4:43  Raven  
  60  4:48  Barracks  
  60  4:54  Supply Depot  
  60  4:56  SCV x2  
  60  4:59  Marine  
  62  5:00  Marine  
  62  5:01  Supply Depot  
  62  5:05  Siege Tank  
  67  5:08  SCV x2  
  67  5:11  Engineering Bay  
  69  5:17  Marine  
  69  5:20  SCV  
  69  5:21  SCV  
  72  5:23  Barracks  
  72  5:27  Refinery  
  72  5:29  Marine  
  72  5:33  SCV x2  
  72  5:35  Marine  
  75  5:38  Terran Infantry Weapons Level 1  
  75  5:39  Starport Reactor  
  75  5:40  Supply Depot  
  75  5:42  Marine  
  76  5:43  Stimpack  
  76  5:47  Marine  
  76  5:48  SCV x2  
  80  5:53  Marine, Factory Reactor  
  80  5:56  Supply Depot  
  81  6:00  SCV  
  81  6:01  SCV, Marauder  
  85  6:05  Marine  
  85  6:10  Command Center  
  85  6:11  Marine  
  87  6:18  Combat Shield, Marauder  
  89  6:22  Marauder, Marine  
  89  6:25  Medivac  
  94  6:28  Medivac, Marine  
  97  6:38  Barracks x2  
  97  6:40  SCV x2  
  97  6:44  Marauder x2  
  103  6:47  Marine x2  
  103  6:51  Widow Mine  
  107  6:55  Medivac  
  107  7:00  Supply Depot  
  109  7:02  Supply Depot  
  109  7:13  Medivac, Marine x2  
  109  7:14  Marauder x2  
  117  7:22  Concussive Shells, Widow Mine x2  
  118  7:35  Marine  
  118  7:36  Barracks Tech Lab, Marauder x2, Marine  
  123  7:37  Barracks Reactor  
  123  7:39  SCV  
  123  7:40  SCV  
  123  7:43  Medivac x2  
  117  7:51  SCV  
  117  7:52  SCV  
  117  7:53  Marine x2  
  117  7:57  Marauder, Orbital Command  
  123  8:04  SCV x2  
  124  8:12  Marauder x2  
  128  8:13  Viking x2  
  128  8:15  Terran Infantry Armor Level 1  
  128  8:16  SCV  
  128  8:19  Marauder  
  135  8:21  SCV  
  135  8:23  SCV  
  137  8:27  Supply Depot  
  137  8:28  Supply Depot, SCV  
  137  8:31  Marine  
  137  8:33  SCV  
  140  8:34  Marine x2  
  140  8:35  SCV, Marine  
  144  8:43  Viking x2  
  144  8:46  Refinery x2  
  144  8:47  Ghost Academy, SCV  
  149  8:49  SCV x2  
  149  8:52  Marauder  
  149  8:55  Marine x4  
  156  8:58  Marauder  
  159  9:03  SCV x2  
  159  9:04  SCV  
  159  9:08  Marauder  
  153  9:13  Marauder  
  145  9:19  Marauder  
  145  9:20  Enhanced Shockwaves  
  145  9:22  Viking x2  
  136  9:29  Marauder  
  128  9:35  Marauder  
  128  9:36  Marine x2  
  130  9:41  Marauder  
  126  9:48  Command Center  
  126  9:49  Widow Mine x2  
  126  9:50  Engineering Bay, Armory  
  126  9:51  Marauder  
  132  9:54  Marine x3  
  132  9:55  Marine  
  132  9:56  Viking  
  132  9:58  Viking  
  140  10:00  SCV  
  140  10:01  SCV  
  140  10:02  SCV  
  143  10:09  Ghost x2  
  143  10:11  Ghost  
  147  10:23  SCV x3  
Tags
 
Add a new tag
Caveats
  • Supply blocks, unpowered buildings, or Contaminate may cause inaccurate times.
  • Supply counts are checked every 10 seconds.